AoeStats
← Simon Stokvis

African Clearing

505928981Analyzed
4v4 RM · 21d ago on Sep 11, 2026· 30m 57s· 8 players
Game mode
Random Map
Map size
Large (8 player)
Population
200
Speed
Normal
Resources
Standard
Victory
Conquest
Starting age
Dark Age
Ending age
Imperial Age
RankedLock teamsTeams togetherTeam positionsShared explorationLock speedFull tech treeHidden civsTurbo modeCheats
Victory
Defeat
🇨🇳 Vietnamese · China
1598
+14
🇦🇷 Mongols · Argentina
1568
+15
🇭🇰 Mongols · Hong Kong SAR China
1534
+16
🇺🇸 Magyars · United States
1529
+16
🇺🇸 Jurchens · United States
1563
-16
🇨🇿 Gurjaras · Czechia
1552
-16
🇪🇨 Mongols · Ecuador
1531
-15
🇳🇱 Magyars · Netherlands
1518
-14
Bananaman651
6:02 Loom
15:15 Feudal Age
19:24 Castle Age
18:07 Double-Bit Axe
20:46 Bow Saw
21:27 Scale Barding Armor
21:32 Forging
21:27 Horse Collar
22:50 Husbandry
26:19 Bloodlines
26:37 Chain Barding Armor
29:35 Wheelbarrow
28:46 Town Watch
boo
5:49 Loom
14:20 Feudal Age
18:31 Castle Age
[ECU] Tecno>Luis
3:46 Loom
15:00 Feudal Age
18:59 Castle Age
17:34 Double-Bit Axe
Simon Stokvis
4:14 Loom
12:35 Feudal Age
13:42 Double-Bit Axe
16:07 Fletching
deev
3:40 Loom
12:09 Feudal Age
14:09 Town Watch
16:18 Scale Barding Armor
23:35 Castle Age
22:13 Bloodlines
24:40 Chain Barding Armor
23:42 Light Cavalry
24:08 Pikeman
26:52 Double-Bit Axe
28:08 Scale Mail Armor
30:53 Wheelbarrow
Kant be real
8:27 Loom
10:45 Feudal Age
11:36 Double-Bit Axe
14:15 Fletching
16:08 Town Watch
16:29 Padded Archer Armor
22:48 Castle Age
21:20 Horse Collar
22:53 Crossbowman
23:29 Bodkin Arrow
25:39 Ballistics
mbxmm
12:37 Feudal Age
13:16 Double-Bit Axe
13:33 Loom
16:26 Castle Age
16:23 Town Watch
17:31 Bow Saw
17:49 Scale Barding Armor
29:48 Fervor
30:57 Wheelbarrow
31:19 Stone Mining
31:20 Gold Mining
骑人机的骑士
4:54 Loom
14:35 Feudal Age
15:29 Double-Bit Axe
18:09 Castle Age
16:35 Gold Mining
Connection lost

Rejoining the realm…

Still unreachable

The connection could not be restored.

Session expired

The server has moved on; the page needs a fresh start.